 Dungeon Crawl Stone Soup version 0.19-a0-1456-gc747e27 (webtiles) character file.

7 Gorfmaster the Skirmisher (level 2, -3/19 HPs)
             Began as a Gargoyle Berserker on Sept 5, 2016.
             Was a Follower of Trog.
             Slain by an adder (4 damage)
             ... on level 1 of the Dungeon.
             The game lasted 00:02:55 (794 turns).

Gorfmaster the Skirmisher (Gargoyle Berserker)       Turns: 794, Time: 00:02:56

Health: -3/19      AC:  4    Str: 20    XL:     2   Next: 4%
Magic:  2/2        EV: 12    Int:  7    God:    Trog [*.....]
Gold:   46         SH:  0    Dex:  9    Spells: 0 memorised, 1 level left

rFire  . . .     SeeInvis .     a - +0 mace
rCold  + . .     Gourm    .     b - +0 animal skin
rNeg   + . .     Faith    .     (no shield)
rPois  ∞         Spirit   .     (no helmet)
rElec  +         Dismiss  .     (no cloak)
rCorr  .         Reflect  .     (no gloves)
MR     .....     Harm     .     (no boots)
Stlth  +.........               (no amulet)
                                (no ring)
                                m - ring of protection from cold

@: no status effects
A: negative energy resistance 1, electricity resistance, unbreathing,
petrification resistance, rot immunity, AC +2
a: Berserk, Burn Spellbooks, Renounce Religion


You were on level 1 of the Dungeon.
You worshipped Trog.
Trog was aware of your devotion.
You were not hungry.

You visited 1 branch of the dungeon, and saw 2 of its levels.

You collected 46 gold pieces.

Inventory:

Hand Weapons
 a - a +0 mace (weapon)
Armour
 b - a +0 animal skin (worn)
Jewellery
 m - a ring of protection from cold (left hand)
Scrolls
 d - a scroll of blinking {unknown}
 g - a scroll of remove curse {unknown}
 h - a scroll of noise {unknown}
 i - a scroll of immolation {unknown}
 j - a scroll of recharging {unknown}
 l - 3 scrolls of identify {unknown}
Potions
 e - a potion of cancellation {unknown}
 k - a potion of ambrosia {unknown}
Comestibles
 c - a bread ration


   Skills:
 - Level 3.4 Fighting
 + Level 3.4 Maces & Flails
 - Level 2.1 Armour
 - Level 1.5 Dodging


You had one spell level left.
You didn't know any spells.

Dungeon Overview and Level Annotations

Branches:
Dungeon (2/15)

Altars:


Innate Abilities, Weirdness & Mutations

You are resistant to torment.
Your stone body is resilient. (AC +2)
You are immune to poison.
You resist negative energy. (rN+)
You are resistant to electric shocks. (rElec)
You can survive without breathing.
You are immune to petrification.
You are immune to rotting.


Message History

You are too injured to fight recklessly!
You are too injured to fight recklessly!
You closely miss the adder.
The adder is heavily wounded.
The adder bites you but does no damage.
The kobold hits you with a dagger of venom.
* * * LOW HITPOINT WARNING * * *
The adder closely misses you.
You hit the adder.
The adder is severely wounded.
The kobold closely misses you. The adder misses you.
The kobold hits you but does no damage.
You closely miss the adder.
The adder is severely wounded.
The adder bites you but does no damage. The adder closely misses you.
The kobold barely misses you.
You miss the adder.
The adder is severely wounded.
The adder bites you.
You die...

.....########.........### ......#
#...>.......######### ....#.#
#.........#...#...... ....#.#
#.........###........
#####.#######.........#..........
........................###......
.####.########.#..#########......
.................S...............
##..#####...##.K@###..)..######.#
.......####....####.......# ##.#
.......# ##......##.......# #..#
.......###...###..........####.##
............## ###.#...........#
#.#.#...##..# #........##...#
#...r.#.##.### ##...........##
####.........### #........#.##
#..#.........## #..........#


You could see an adder and a kobold.

Vanquished Creatures
  A bat (D:1)
  A hobgoblin (D:1)
  A ball python (D:1)
  2 goblins (D:1)
  A kobold (D:1)
  2 rats (D:1)
8 creatures vanquished.

Notes
Turn   | Place    | Note
-------+----------+-------------------------------------------
     0 | D:1      | Gorfmaster the Gargoyle Berserker began the quest for the Orb.
     0 | D:1      | Reached XP level 1. HP: 14/14 MP: 1/1
   522 | D:1      | Reached XP level 2. HP: 19/19 MP: 2/2
   794 | D:1      | Slain by an adder

Vault maps used:
D:1:      kilobyte_arrival_exit_the_forest
D:2:      nicolae_overflow_hidden_temple, first_bread

Action                   || total
-------------------------++-------
Melee: Mace              ||    46
Armor: Animal skin       ||    20
Dodge: Dodged            ||    50
